 Dungeon Crawl Stone Soup version 0.26-a0-540-g8a0c9464d7 (webtiles) character file.

Game seed: 3787238334127798492

807 HoaS the Twirler (level 8, -2/58 HPs)
             Began as a Formicid Fighter on Aug 25, 2020.
             Slain by a lemure (6 damage)
             ... led by Pikel
             ... on level 6 of the Dungeon.
             The game lasted 00:10:31 (4255 turns).

HoaS the Twirler (Formicid Fighter)                 Turns: 4255, Time: 00:10:31

Health: -2/58      AC: 10    Str: 22    XL:     8   Next: 14%
Magic:  8/8        EV:  7    Int:  9    God:
Gold:   257        SH: 11    Dex: 10    Spells: 7/7 levels left

rFire    . . .     SeeInvis +   a - +1 quarterstaff
rCold    . . .     Faith    .   c - +1 kite shield
rNeg     . . .     Spirit   .   n - +0 chain mail
rPois    .         Reflect  .   (helmet unavailable)
rElec    .         Harm     .   f - scarf {repulsion}
rCorr    .                      m - +0 pair of gloves
MR       .....                  (no boots)
Stlth    ..........             (no amulet)
HPRegen  0.19/turn              (no ring)
MPRegen  0.11/turn              (no ring)

@: repel missiles
A: permanent stasis, dig shafts and tunnels, four strong arms, antennae 3
a: Dig, Shaft Self


You were on level 6 of the Dungeon.
You visited 1 branch of the dungeon, and saw 6 of its levels.

You collected 257 gold pieces.

Inventory:

Hand Weapons
 a - a +1 quarterstaff (weapon)
Armour
 c - a +1 kite shield (worn)
 f - a scarf of repulsion (worn)
 m - a +0 pair of gloves (worn)
 n - a +0 chain mail (worn)
Jewellery
 d - an uncursed ring of ice
Scrolls
 h - a scroll of enchant armour
 j - a scroll of identify
 k - a scroll of fog
Potions
 b - a potion of berserk rage
 e - 2 potions of cancellation
 g - 2 potions of flight
 l - a potion of resistance {unknown}
 o - 3 potions of invisibility
 p - a potion of mutation {unknown}


   Skills:
 - Level 3.2 Fighting
 * Level 7.3 Staves
 - Level 3.2 Armour
 + Level 6.9 Shields


You had 7 spell levels left.
You didn't know any spells.
Your spell library contained the following spells:

 Spells                   Type           Power        Failure   Level
 Magic Dart               Conj           #...         99%         1
 Summon Small Mammal      Summ           #...         99%         1
 Call Imp                 Summ           #.......     100%        2
 Slow                     Hex            #.......     100%        2
 Conjure Flame            Conj/Fire      #.......     100%        3
 Mephitic Cloud           Conj/Pois/Air  #.......     100%        3
 Blink                    Tloc           Unusable     N/A         2

Dungeon Overview and Level Annotations

Branches:
Dungeon (6/15)
 Temple: D:4-7

Altars:
Kikubaaqudgha
Nemelex Xobeh
Okawaru
Ru
Sif Muna
Uskayaw
Vehumet
Xom
Yredelemnul
The Shining One

Shops:
D:4 [

Annotations:
D:6 Pikel


Innate Abilities, Weirdness & Mutations

You cannot be hasted, slowed, berserked, paralysed or teleported.
You can dig through walls and to a lower floor.
Your four strong arms can wield two-handed weapons with a shield.
You have a pair of large antennae on your head. (SInv)


Message History

Pikel hits you with a +1 whip of freezing.
* * * LOW HITPOINT WARNING * * *
Pikel freezes you.
* * * LOW HITPOINT WARNING * * *
Your chain mail prevents you from hitting Pikel.
Pikel is heavily wounded.
You block the lemure's attack. The lemure closely misses you.
The lemure hits you.
* * * LOW HITPOINT WARNING * * *
You block Pikel's attack.
Okay, then.
You barely miss Pikel.
Pikel is heavily wounded.
The lemure hits you but does no damage. The lemure hits you.
* * * LOW HITPOINT WARNING * * *
You block the lemure's attack. You block Pikel's attack.
You sock Pikel!
Pikel is almost dead.
The lemure hits you.
You die...

##########
####{...K....
#...{########
###.##........
#...##########
#.#........... ####
#.############
##...######.#........
..
#......5@K5...#######
# #...#.5#5#####
##..##.#†###
####..##.....#
#.........#..#
.#........##.#.#
...........#.###
..........)#.#####
#.......##.#.....#


You could see Pikel and 4 lemures.

Vanquished Creatures
  An ogre (D:4)
  A centaur (D:5)
  A crocodile (D:4)
  2 centaur skeletons
  3 orc priests
  2 hounds
  2 orc wizards (D:4)
  2 iguanas
  A worker ant (D:4)
  4 gnolls (D:2)
  7 adders
  An ooze (D:3)
  2 worms
  5 leopard geckos
  14 orcs
  3 ball pythons
  9 bats
  3 giant cockroaches
  7 goblins
  7 hobgoblins
  11 jackals
  5 kobolds
  6 quokkas
  8 frilled lizards
  11 rats
118 creatures vanquished.

Vanquished Creatures (others)
  An adder skeleton (D:4)
1 creature vanquished.

Grand Total: 119 creatures vanquished

Notes
Turn   | Place    | Note
-------+----------+-------------------------------------------
     0 | D:1      | HoaS the Formicid Fighter began the quest for the Orb.
     0 | D:1      | Reached XP level 1. HP: 18/18 MP: 1/1
    82 | D:1      | Reached XP level 2. HP: 24/24 MP: 2/2
   255 | D:1      | Reached XP level 3. HP: 18/29 MP: 3/3
   284 | D:1      | Reached skill level 3 in Staves
   630 | D:2      | Found a sacrificial altar of Ru.
   703 | D:2      | Reached XP level 4. HP: 26/35 MP: 4/4
  1010 | D:2      | Reached skill level 4 in Staves
  1010 | D:2      | Reached XP level 5. HP: 33/41 MP: 5/5
  1183 | D:2      | Found a hide-covered altar of Uskayaw.
  1189 | D:2      | Noticed a +0 dagger
  1189 | D:2      | Noticed a +0 hand axe
  1673 | D:2      | Found a shimmering blue altar of Sif Muna.
  1674 | D:2      | Found an ancient bone altar of Kikubaaqudgha.
  1674 | D:2      | Found a radiant altar of Vehumet.
  1683 | D:2      | Identified Sif Muna's Handbook of the Entourage
  1968 | D:3      | Reached skill level 5 in Shields
  2026 | D:3      | Reached XP level 6. HP: 24/47 MP: 6/6
  2035 | D:3      | Reached skill level 5 in Staves
  2812 | D:4      | Reached XP level 7. HP: 31/52 MP: 7/7
  3010 | D:4      | Reached skill level 6 in Staves
  3221 | D:4      | Found Tith's Armour Emporium.
  3276 | D:4      | Found a basalt altar of Yredelemnul.
  3331 | D:4      | Found a glowing golden altar of the Shining One.
  3383 | D:4      | Noticed an angel
  3411 | D:5      | Entered Level 5 of the Dungeon
  3682 | D:5      | Reached skill level 7 in Staves
  3682 | D:5      | Reached XP level 8. HP: 57/58 MP: 8/8
  3886 | D:5      | Found an iron altar of Okawaru.
  3972 | D:5      | Found a shimmering altar of Xom.
  3973 | D:5      | Found a sparkling altar of Nemelex Xobeh.
  4213 | D:6      | Noticed Pikel
  4255 | D:6      | Slain by a lemure

Illustrated notes

Levels and vault maps discovered:
D:1:      zelgadis_glass_arrival_small, layout_rooms, minmay_misc_feat_chi
D:2:      layout_rooms, grunt_temple_overflow_magic_moments,
          dancing_weapons_uskayaw, nicolae_ru_great_annihilating_truth
D:3:      layout_loops_ring, grunt_ministairs_8
D:4:      layout_basic, grunt_temple_overflow_holy_war, serial_shops,
          kennysheep_mini, lemuel_statue_altar
D:5:      layout_loops_ring, okawaru_metal_pillars_1_2,
          gammafunk_temple_overflow_pools, hangedman_decor_growths
D:6:      lemuel_insect_pit, layout_cave_pools, elyvilon_altar_5,
          serial_co_window_serial, co_window_corner_a, co_window_paths_a,
          co_window_paths_a, co_window_corner_a, co_window_paths_b,
          co_window_corner_a, co_window_paths_a, co_window_paths_a,
          co_window_paths_a, co_window_corner_b, co_window_of_opportunity_b,
          co_window_corner_ca, co_window_broadway_a, co_window_paths_d,
          moated_statue, uniq_pikel

Skill      XL: |  1  2  3  4  5  6  7 |
---------------+----------------------+-----
Shields        | 4 5 6 |  6.9
Staves         | 3 4 5 7 |  7.3
Fighting       | |  3.2
Armour         | |  3.2

Action                   |  1- 3 |  4- 6 |  7- 9 || total
-------------------------+-------+-------+-------++-------
Melee: Quarterstaff      |    96 |   222 |   125 ||   443
  Use: Scroll            |     4 |     3 |     6 ||    13
       Potion            |       |       |     1 ||     1
 Stab: Paralysed         |     1 |       |       ||     1
Armor: Scale mail        |    52 |    44 |       ||    96
       Chain mail        |       |    44 |    60 ||   104
Dodge: Dodged            |    44 |    53 |    40 ||   137
Block: Kite shield       |    76 |   137 |    71 ||   284

Table legend: (Time is in decaauts)
 A = Elapsed time spent in this place.
 B = Non-inter-level travel time spent in this place.
 C = Inter-level travel time spent in this place.
 D = Time resting spent in this place.
 E = Time spent auto-exploring this place.
 F = Levels seen in this place.
 G = Mean time per level.
                   A        B        C        D        E       F      G
               +--------+--------+--------+--------+--------+-----+--------+
         Total |   4308 |   4214 |     94 |   1143 |   1941 |   6 |  718.0 |
       Dungeon |   4308 |   4214 |     94 |   1143 |   1941 |   6 |  718.0 |
               +--------+--------+--------+--------+--------+-----+--------+

Top non-repeatable levels by time:
     D:2: 1218 daAuts
     D:4: 892 daAuts
     D:3: 861 daAuts
     D:1: 635 daAuts
     D:5: 582 daAuts
     D:6: 118 daAuts
